 Dungeon Crawl Stone Soup version 0.31.0-32-g396128a36d (webtiles) character file.

Game seed: 7589530324027738208

1149 ChadusMaximus the Summoner (level 8, -2/52 HPs)
             Began as a Barachi Summoner on Mar 9, 2024.
             Slain by an ice beast (9 damage)
             ... on level 5 of the Dungeon.
             The game lasted 00:06:36 (4063 turns).

ChadusMaximus the Summoner (Barachi Summoner)       Turns: 4063, Time: 00:06:36

Health: -2/52      AC:  5    Str:  9    XL:     8   Next: 38%
Magic:  14/17      EV: 12    Int: 18    God:
Gold:   252        SH:  0    Dex: 13    Spells: 13/19 levels left

rFire   . . .        y - +2 spear (flame)
rCold   . . .        (no shield)
rNeg    . . .        a - +0 robe
rPois   .            g - +2 hat
rElec   .            (no cloak)
rCorr   .            o - +0 pair of gloves
SInv    .            (no boots)
Will    .....        (no amulet)
Stlth   ++           (no ring)
HPRegen 0.28/turn    (no ring)
MPRegen 0.15/turn

%: no passive effects
@: inugami summoned, slow
A: amphibious, slowness 1, strong legs 1, +LOS
a: Hop


You were on level 5 of the Dungeon.
You visited 1 branch of the dungeon, and saw 5 of its levels.
You also visited: Sewer.

You collected 252 gold pieces.

Inventory:

Hand Weapons
 i - a +0 long sword
 j - a +0 sling
 p - a +0 orcbow
 y - a +2 spear of flaming (weapon)
Armour
 a - a +0 robe (worn)
 g - a +2 hat (worn)
 o - a +0 pair of gloves (worn)
Wands
 q - a wand of mindburst (39)
Scrolls
 k - 2 scrolls of identify
 l - a scroll of teleportation
 r - a scroll of vulnerability
 s - a scroll of torment {unknown}
 u - a scroll of enchant armour {unknown}
 v - a scroll of amnesia {unknown}
 w - a scroll of noise {unknown}
 x - a scroll of immolation {unknown}
 z - 2 scrolls of revelation {unknown}
 A - a scroll of fear {unknown}
 B - 2 scrolls of poison {unknown}
 C - 3 scrolls of acquirement {unknown}
Potions
 b - a potion of magic
 d - a potion of lignification {unknown}
 e - 2 potions of attraction {unknown}
 h - 2 potions of curing {unknown}
 m - 2 potions of resistance {unknown}
 n - a potion of invisibility {unknown}
 t - a potion of haste {unknown}
 D - 3 potions of mutation {unknown}


   Skills:
 - Level 2.1 Dodging
 - Level 1.7 Stealth
 + Level 6.0 Spellcasting
 * Level 10.6 Summonings


You had 13 spell levels left.
You knew the following spells:

 Your Spells              Type           Power      Damage    Failure   Level
a - Summon Small Mammal   Summ           100%       N/A       1%          1
b - Call Canine Familiar  Summ           43%        N/A       1%          3
c - Call Imp              Summ           86%        N/A       1%          2

Your spell library contained the following spells:

 Spells                   Type           Power      Damage    Failure   Level
 Sting                    Conj/Alch      20%        1d4       12%         1
 Summon Blazeheart Golem  Fire/Summ      24%        N/A       14%         4
 Summon Lightning Spire   Summ/Air       24%        N/A       14%         4
 Mercury Vapours          Alch/Air       10%        N/A       19%         2
 Olgreb's Toxic Radiance  Alch           5%         N/A       75%         4


Dungeon Overview and Level Annotations

Branches:
Dungeon (5/15)              Sewer (visited)
 Temple: D:4-7

Altars:

Shops:
D:2 [


Innate Abilities, Weirdness & Mutations

You are amphibious.
You cover ground slowly.
You can hop short distances.
You have an extended range of vision and can be seen from far away.


Message History

The ice beast hits you but does no damage.
Your inugami hits the ice beast but does no damage.
Your cerulean imp hits the ice beast with a +0 spear.
You strike the helpless ice beast from behind!
You hit the ice beast.
You melt the ice beast.
The ice beast is almost dead.
A yak comes into view.
The yak completely misses your cerulean imp.
The ice beast hits you. The ice beast freezes you!
Your inugami hits the ice beast but does no damage.
Your cerulean imp hits the ice beast with a +0 spear.
You are too injured to fight recklessly!
Unknown command.
You are too injured to fight recklessly!
Unknown command.
You are too injured to fight recklessly!
You barely miss the ice beast.
The ice beast is almost dead.
The yak completely misses your cerulean imp.
The ice beast closely misses you.
Your inugami closely misses the ice beast.
Your cerulean imp barely misses the ice beast.
Unknown command.
You closely miss the ice beast.
The ice beast is almost dead.
The ice beast hits you. The ice beast freezes you!
* * * LOW HITPOINT WARNING * * *
The yak barely misses your cerulean imp.
Your inugami hits the ice beast but does no damage.
Your cerulean imp hits the ice beast but does no damage.
You barely miss the ice beast.
The ice beast is almost dead.
Something gores your cerulean imp!
Your cerulean imp dies!
Your cerulean imp disappears in a puff of smoke!
A yak comes into view.
The ice beast hits you.
* * * LOW HITPOINT WARNING * * *
The ice beast freezes you!
You die...

#...~#~#~######## ..
#...~~~#~~~~~~~~# ..
#....#~#######~## ..
#...~~~#.~~~~~~# ..
#....~~######### ..
....#...##.#
#.....<...#
#....##.##.##
#....... #@#
#.....##.#Y###
#.........h§.#
#...######.#Y......[
# ... ...#Y...####
#. .. #####.#.....
.... .#.###.. #..#
.# # . .#


You could see 2 yaks, an ice beast (ally target) and a friendly inugami
(summoned).

Vanquished Creatures
  Grinder (D:4)
  8 adders
  2 river rats (Sewer)
  A shadow imp (D:5)
  A dart slug (D:4)
  3 ribbon worms
  An orc (D:5)
  3 bats
  6 endoplasms
  A giant cockroach (D:3)
  5 goblins
  3 hobgoblins
  2 jackals (D:3)
  2 quokkas (D:3)
  9 ball pythons
  A kobold (D:1)
  11 rats
60 creatures vanquished.

Vanquished Creatures (collateral kills)
  Sigmund (D:2)
  A phantom (D:5)
  2 bullfrogs (Sewer)
  3 scorpions
  2 iguanas
  A sleepcap (D:5)
  A gnoll (D:5)
  10 adders
  4 river rats (Sewer)
  A white imp (D:5)
  A dart slug (D:5)
  4 ribbon worms
  6 ball pythons
  2 bats (D:1)
  2 goblins (D:3)
  3 kobolds
  2 quokkas
  3 frilled lizards (Sewer)
  12 rats
61 creatures vanquished.

Grand Total: 121 creatures vanquished

Notes
Turn   | Place    | Note
-------+----------+-------------------------------------------
     0 | D:1      | ChadusMaximus the Barachi Summoner began the quest for the
                  | Orb.
     0 | D:1      | Reached XP level 1. HP: 13/13 MP: 3/3
   173 | D:1      | Reached skill level 5 in Summonings
   324 | D:1      | Reached XP level 2. HP: 15/19 MP: 1/5
   781 | D:2      | Found Waynt's Armour Boutique.
   878 | D:2      | Reached XP level 3. HP: 20/24 MP: 4/7
   891 | D:2      | Learned a level 3 spell: Call Canine Familiar
   894 | D:2      | Learned a level 2 spell: Call Imp
   918 | D:2      | Noticed Sigmund
   930 | D:2      | Killed Sigmund
   931 | D:2      | Reached skill level 7 in Summonings
   931 | D:2      | Reached XP level 4. HP: 17/30 MP: 1/9
   931 | D:2      | Reached XP level 5. HP: 20/35 MP: 1/10
  1412 | D:2      | Reached XP level 6. HP: 40/41 MP: 5/11
  1489 | D:2      | You fall into a shaft and drop 1 floor!
  2125 | D:3      | Found a faded altar of an unknown god.
  2269 | D:4      | Reached skill level 8 in Summonings
  2494 | D:4      | Noticed Grinder
  2506 | D:4      | Paralysed by Grinder for 4 turns
  2539 | D:4      | Killed Grinder
  2540 | D:4      | Reached XP level 7. HP: 46/46 MP: 1/14
  2705 | D:4      | Reached skill level 9 in Summonings
  2968 | D:5      | Entered Level 5 of the Dungeon
  3048 | D:5      | Reached skill level 5 in Spellcasting
  3156 | D:5      | Reached XP level 8. HP: 37/52 MP: 7/16
  3298 | D:5      | Found a glowing drain.
  3306 | Sewer    | Entered a sewer
  3470 | Sewer    | Reached skill level 10 in Summonings
  4040 | D:5      | Noticed a yak
  4060 | D:5      | Noticed a yak
  4063 | D:5      | Noticed a yak
  4063 | D:5      | Slain by an ice beast

Illustrated notes

Levels and vault maps discovered:
D:1:      nagdon_arrival_double_spiral, layout_basic, minmay_misc_feat_columns
D:2:      layout_basic, serial_shops, nicolae_shop_hallway_stairs,
          serial_bayou_ford_a, uniq_sigmund
D:3:      layout_rooms, hellmonk_ecumenical_altar_dog_temple
D:4:      layout_basic, chequers_serial_rivers_marsh, uniq_grinder
D:5:      layout_basic, mainiacjoe_overflow_tiny_flanked,
          lightli_sewer_entry_pipes, dreamdust_wishing_well,
          nicolae_custom_books

Skill      XL: |  1  2  3  4  5  6  7  8 |
---------------+-------------------------+-----
Summonings     | 5 7 8 9 10 | 10.6
Spellcasting   | 3 4 5 6 |  6.0
Dodging        | |  2.1
Stealth        | |  1.7

Action                     |  1- 3 |  4- 6 |  7- 9 || total
---------------------------+-------+-------+-------++-------
  Melee: Unarmed           |    50 |       |       ||    50
         Long sword        |     4 |       |       ||     4
         Spear             |       |       |   110 ||   110
         Punch             |       |       |     1 ||     1
   Fire: Sling             |    29 |     4 |       ||    33
         Orcbow            |       |   102 |    12 ||   114
   Cast: Summon Small Mamm |    15 |     8 |    15 ||    38
         Call Canine Famil |     1 |    12 |    13 ||    26
         Call Imp          |     1 |    11 |    12 ||    24
Ability: Hop               |       |       |     1 ||     1
    Use: Scroll            |       |       |     4 ||     4
         Potion            |       |       |     2 ||     2
   Stab: Distracted        |     1 |       |     1 ||     2
         Sleeping          |       |       |     2 ||     2
 Armour: Robe              |    55 |    33 |   114 ||   202
  Dodge: Dodged            |    82 |    43 |   103 ||   228
